 Dungeon Crawl Stone Soup version 0.28.0 (webtiles) character file.

Game seed: 14281406860577448803

81 freelancePsychic the Conjurer (level 4, 0/33 HPs)
             Began as a Demonspawn Conjurer on Feb 11, 2022.
             Succumbed to an adder's poison
             ... on level 1 of the Dungeon.
             The game lasted 00:03:42 (1996 turns).

freelancePsychic the Conjurer (Demonspawn Conjurer) Turns: 1996, Time: 00:03:43

Health: 0/33       AC:  4    Str:  7    XL:     4   Next: 20%
Magic:  1/8        EV: 12    Int: 21    God:
Gold:   81         SH:  0    Dex: 12    Spells: 5/8 levels left

rFire   . . .      SeeInvis .   (no weapon)
rCold   . . .      Faith    .   (no shield)
rNeg    . . .      Spirit   .   a - +0 robe
rPois   .          Reflect  .   (helmet restricted)
rElec   .          Harm     .   (no cloak)
rCorr   .          Rampage  .   (no gloves)
Will    .....                   (no boots)
Stlth   ++........              (no amulet)
HPRegen 0.11/turn               (no ring)
MPRegen 0.11/turn               (no ring)

@: mighty, lethally poisoned (0 -> -1), attractive, hasted, very quick
A: horns 1, thin metallic scales 1
a: no special abilities


You were on level 1 of the Dungeon.
You visited 1 branch of the dungeon, and saw 2 of its levels.

You collected 81 gold pieces.

Inventory:

Armour
 a - a +0 robe (worn)
Scrolls
 b - a scroll of identify {unknown}
Potions
 d - a potion of might


   Skills:
 + Level 2.1 Fighting
 - Level 1.7 Dodging
 - Level 1.7 Stealth
 + Level 2.9 Spellcasting
 + Level 4.6 Conjurations


You had 5 spell levels left.
You knew the following spells:

 Your Spells              Type           Power      Damage    Failure   Level
a - Magic Dart            Conj           88%        1d7       1%          1
b - Searing Ray           Conj           44%        2d6       3%          2

Your spell library contained the following spells:

 Spells                   Type           Power      Damage    Failure   Level
 Dazzling Flash           Conj/Hex       24%        N/A       16%         3
 Fulminant Prism          Conj/Hex       6%         3d7       45%         4
 Iskenderun's Mystic Bla  Conj/Tloc      12%        2d5       45%         4


Dungeon Overview and Level Annotations

Branches:
Dungeon (2/15)

Altars:


Innate Abilities, Weirdness & Mutations

You have a pair of small horns on your head.
You are partially covered in thin metallic scales. (AC +2)


Message History

Confirm with . or Enter, or press ? or * to list all spells.
Aiming: Searing Ray (safe; 3% risk of failure)
Press: ? - help, Shift-Dir - straight line, f/p - adder
Aim: an adder (heavily wounded, 63% to hit)
You miscast Searing Ray.
You are very lightly contaminated with residual magic.
Nothing appears to happen.
The adder bites you but does no damage. The adder closely misses you.
The adder completely misses you.
Your magical contamination has completely faded away.
There is an open door here.
The adder closely misses you. The adder bites you.
* * * LOW HITPOINT WARNING * * *
You are lethally poisoned!
The adder poisons you!
Casting: Searing Ray (safe; 3% risk of failure)
Confirm with . or Enter, or press ? or * to list all spells.
Aiming: Searing Ray (safe; 3% risk of failure)
Press: ? - help, Shift-Dir - straight line, f/p - adder
Aim: an adder (heavily wounded, 63% to hit)
The searing ray hits the adder!
You kill the adder! (Press . to maintain the ray.)
* * * LOW HITPOINT WARNING * * *
You feel sick.
It was a potion of might.
You feel very mighty all of a sudden.
* * * LOW HITPOINT WARNING * * *
You feel sick.
It was a potion of haste.
You feel yourself speed up.
* * * LOW HITPOINT WARNING * * *
You feel sick.
It was a potion of attraction.
You feel attractive to monsters.
* * * LOW HITPOINT WARNING * * *
You feel sick.
* * * LOW HITPOINT WARNING * * *
You feel sick.
You die...

###...# #....# #.#
#......... #.###
#....####.# #######...
###'#### #....'....#
#......# .......#
#....########## #......#
.......# ##.#....##....#
#.......
.......####.#....##....#
#.......
.......#.........##....#
#.....>#
.......#.........##....#
#......#
.......#........@##....#
#......#
.......#...............#
#......#
########......#####....#
#......# #......# ###'##
#......# #......# #.#
#......# ########
#.###########
#............
#############


There were no monsters in sight!

Vanquished Creatures
  Jessica (D:2)
  2 adders (D:1)
  A worm (D:2)
  A dart slug (D:1)
  7 bats
  5 endoplasms
  2 goblins
  4 hobgoblins
  A quokka (D:1)
  A ball python (D:2)
  3 frilled lizards (D:1)
  A kobold (D:2)
  4 rats
33 creatures vanquished.

Vanquished Creatures (others)
  A bat (D:2)
1 creature vanquished.

Grand Total: 34 creatures vanquished

Notes
Turn   | Place    | Note
-------+----------+-------------------------------------------
     0 | D:1      | freelancePsychic the Demonspawn Conjurer began the quest
                  | for the Orb.
     0 | D:1      | Reached XP level 1. HP: 13/13 MP: 3/3
   285 | D:1      | Gained mutation: You are partially covered in thin metallic
                  | scales. (AC +2) [demonic ancestry]
   285 | D:1      | Reached XP level 2. HP: 20/20 MP: 1/5
   555 | D:1      | Reached skill level 1 in Fighting
   558 | D:1      | Learned a level 2 spell: Searing Ray
  1436 | D:1      | Reached XP level 3. HP: 9/26 MP: 0/6
  1885 | D:2      | Noticed Jessica
  1887 | D:2      | Killed Jessica
  1888 | D:2      | Gained mutation: You have a pair of small horns on your
                  | head. [demonic ancestry]
  1888 | D:2      | Reached XP level 4. HP: 33/33 MP: 2/8
  1994 | D:1      | HP: 1/33 [poisoned by an adder]
  1996 | D:1      | Succumbed to an adder's poison

Illustrated notes

Levels and vault maps discovered:
D:1:      lightli_arrival_farm, layout_basic, palyth_stone_intersect,
          minivault_24
D:2:      layout_basic, basic_altar, shapermc_ecumenical_altar_ellora,
          lemuel_old_faithful, uniq_jessica, uniq_natasha

Skill      XL: |  1  2  3 |
---------------+----------+-----
Fighting       | 1 2 |  2.1
Dodging        | |  1.7
Stealth        | |  1.7
Spellcasting   | |  2.9
Conjurations   | |  4.6

Action                   |  1- 3 |  4- 6 || total
-------------------------+-------+-------++-------
Melee: Unarmed           |     1 |       ||     1
 Cast: Magic Dart        |    26 |       ||    26
       Searing Ray       |    21 |     4 ||    25
  Use: Potion            |       |     3 ||     3
       Scroll            |       |     1 ||     1
Armor: Robe              |     7 |     7 ||    14
Dodge: Dodged            |    24 |    16 ||    40
